 Dungeon Crawl Stone Soup version 0.28-a0-622-gbaef9634d7 (webtiles) character file.

Game seed: 2029649526002961420

6 OfficerJojo the Magician (level 2, -3/21 HPs)
             Began as a Djinni Hedge Wizard on Oct 7, 2021.
             Slain by a hobgoblin (5 damage)
             ... on level 1 of the Dungeon.
             The game lasted 00:00:56 (56 turns).

OfficerJojo the Magician (Djinni Hedge Wizard)        Turns: 56, Time: 00:00:57

Health: -3/21      AC:  2    Str:  9    XL:     2   Next: 0%
Gold:   17         EV: 12    Int: 15    God:
                   SH:  0    Dex: 12

rFire   + + .      SeeInvis .   a - +0 dagger
rCold   x . .      Faith    .   (no shield)
rNeg    . . .      Spirit   .   b - +0 robe
rPois   ∞          Reflect  .   c - +0 hat
rElec   .          Harm     .   (no cloak)
rCorr   .          Rampage  .   (no gloves)
Will    .....                   (boots unavailable)
Stlth   ++........              (no amulet)
HPRegen 0.07/turn               (no ring)
MPRegen 0.00/turn               (no ring)

@: flying
A: sickness immunity, fire resistance 2, cold vulnerability 1, float, innate
caster, hp casting, extra vitality 1
a: no special abilities


You were on level 1 of the Dungeon.
You visited 1 branch of the dungeon, and saw 1 of its levels.

You collected 17 gold pieces.

Inventory:

Hand Weapons
 a - a +0 dagger (weapon)
Armour
 b - a +0 robe (worn)
 c - a +0 hat (worn)


   Skills:
 + Level 2.4 Dodging
 + Level 1.8 Stealth
 + Level 2.5 Spellcasting


You couldn't memorise any spells.
You knew the following spells:

 Your Spells              Type           Power      Damage    Failure   Level
a - Magic Dart            Conj           36%        1d4       8%          1
b - Blink                 Tloc           N/A        N/A       11%         2
c - Call Imp              Summ           9%         N/A       11%         2
d - Slow                  Hex            9%         N/A       11%         2
e - Conjure Flame         Conj/Fire      9%         6-21      22%         3
f - Mephitic Cloud        Conj/Pois/Air  9%         N/A       22%         3
Your spell library was empty.

Dungeon Overview and Level Annotations

Branches:
Dungeon (1/15)

Altars:


Innate Abilities, Weirdness & Mutations

You are immune to sickness and miasma.
You are immune to poison.
Your flesh is very heat resistant. (rF++)
You are vulnerable to cold. (rC-)
You float through the air rather than walking.
You learn spells naturally, not from books.
Your magical power is your life essence.
You have superior vitality. (+4 HP)


Message History

Confirm with . or Enter, or press ? or * to list all spells.
You don't have enough health to cast this spell.
Unknown command.
You hit the dart slug but do no damage.
The dart slug is almost dead.
The dart slug barely misses you.
You barely miss the dart slug.
The dart slug is almost dead.
You hit the dart slug.
You kill the dart slug!
You hit the goblin.
The goblin is heavily wounded.
You hit the goblin.
You kill the goblin!
You have reached level 2!
Things that are here:
a +0 dagger; a goblin corpse You start resting.
A hobgoblin comes into view.
You start resting.
A rat comes into view.
A rat is nearby!
A rat is nearby!
Things that are here:
a +0 dagger; a goblin corpse You start resting.
A rat is nearby!
A rat is nearby!
The hobgoblin shouts!
You hit the hobgoblin but do no damage.
Sorry, you're not good enough to have a special ability.
Casting: Magic Dart (safe; 8% risk of failure)
Confirm with . or Enter, or press ? or * to list all spells.
Aiming: Magic Dart (safe; 8% risk of failure)
Press: ? - help, Shift-Dir - straight line, f - hobgoblin
Aim: a hobgoblin (100% to hit)
The magic dart hits the hobgoblin but does no damage.
* * * LOW HITPOINT WARNING * * *
The hobgoblin hits you.
You die...

♣. ♣♣ ..♣ ♣♣♣.♣♣.
.r♣ ♣♣ ..♣..♣...♣
♣..♣♣♣ ♣.♣...♣ ♣.
...♣ ♣♣.♣†..♣
♣.♣♣♣..♣♣r♣♣......♣
♣..♣♣♣.♣)♣ .♣.....
♣♣.♣.♣♣♣.♣♣ ♣.♣..♣♣
♣.♣♣...♣@♣ . .♣..
♣..♣♣♣♣g♣♣ ♣. ♣ .
♣♣♣..♣..♣ .
♣..♣♣..♣♣
♣<♣..♣...♣
♣♣♣♣♣♣♣♣♣♣


You could see a hobgoblin and a rat.

Vanquished Creatures
  A dart slug (D:1)
  A ball python (D:1)
  A goblin (D:1)
  A bat (D:1)
4 creatures vanquished.

Notes
Turn   | Place    | Note
-------+----------+-------------------------------------------
     0 | D:1      | OfficerJojo the Djinni Hedge Wizard began the quest for the
                  | Orb.
     0 | D:1      | Reached XP level 1. HP: 15/15 MP: 0/0
    38 | D:1      | Reached XP level 2. HP: 2/21 MP: 0/0
    56 | D:1      | Slain by a hobgoblin

Illustrated notes

Levels and vault maps discovered:
D:1:      erik_arrival_cave_to_civilisation [erik_arrival_cave_to_hall],
          layout_loops_ring, chequers_ecumenical_altar_simple_redux,
          minmay_tromino_i4

Action                   || total
-------------------------++-------
Melee: Dagger            ||    10
 Cast: Magic Dart        ||     5
Armor: Robe              ||     1
Dodge: Dodged            ||     7

Table legend: (Time is in decaauts)
 A = Elapsed time spent in this place.
 B = Non-inter-level travel time spent in this place.
 C = Inter-level travel time spent in this place.
 D = Time resting spent in this place.
 E = Time spent auto-exploring this place.
 F = Levels seen in this place.
 G = Mean time per level.
                   A        B        C        D        E       F      G
               +--------+--------+--------+--------+--------+-----+--------+
         Total |     56 |     56 |      0 |     11 |     20 |   1 |   56.0 |
       Dungeon |     56 |     56 |      0 |     11 |     20 |   1 |   56.0 |
               +--------+--------+--------+--------+--------+-----+--------+

Top non-repeatable levels by time:
     D:1: 56 daAuts
